 Dungeon Crawl Stone Soup version 0.21-a0-271-ge7f0487 (console) character file.

126 Heronymous the Insei (level 4, -1/52 HPs)
             Began as a Demonspawn Monk on Sept 15, 2017.
             Killed from afar by Ijyb (7 damage)
             ... with a wand of acid (?/15)
             ... on level 4 of the Dungeon.
             The game lasted 00:51:45 (3679 turns).

Heronymous the Insei (Demonspawn Monk)              Turns: 3679, Time: 00:51:46

Health: -1/52      AC: 18    Str: 11 (12) XL:     4   Next: 84%
Magic:  4/4        EV:  2    Int: 13 (15) God:
Gold:   87         SH:  0    Dex: 13 (15) Spells: 3/3 levels left

rFire    . . .     SeeInvis .     - Unarmed
rCold    . . .     Gourm    .   (no shield)
rNeg     + + +     Faith    .   (armour currently unavailable)
rPois    +         Spirit   .   (helmet currently unavailable)
rElec    .         Reflect  .   (cloak currently unavailable)
rCorr    .         Harm     .   (gloves currently unavailable)
MR       .....     NoTele   +   (boots currently unavailable)
Stlth    ++........             (no amulet)
HPRegen  0.17/turn              i - +3 ring of intelligence
MPRegen  0.09/turn              (no ring)

@: tree-form, corroded
A: no striking features
a: no special abilities


You were on level 4 of the Dungeon.
You were not hungry.
You were a tree.
You visited 1 branch of the dungeon, and saw 4 of its levels.

You collected 87 gold pieces.

Inventory:

Armour
 a - a +0 robe (melded)
 p - a +1 pair of gloves (melded)
Jewellery
 e - an uncursed ring of flight
 i - a +3 ring of intelligence (left branch)
 n - a +2 ring of slaying {unknown}
Scrolls
 d - a scroll of amnesia
 f - a scroll of enchant weapon {unknown}
 g - a scroll of identify
 h - a scroll of recharging {unknown}
 j - a scroll of blinking {unknown}
 m - a scroll of enchant armour {unknown}
Comestibles
 b - a bread ration
 l - a meat ration


   Skills:
 + Level 3.4 Fighting
 + Level 3.3 Dodging
 + Level 2.4 Stealth
 + Level 4.0 Unarmed Combat


You had 3 spell levels left.
You didn't know any spells.

Dungeon Overview and Level Annotations

Branches:
Dungeon (4/15)
 Temple: D:4-7

Altars:
Dithmenos
Nemelex Xobeh

Annotations:
D:3 Sigmund
D:4 Blork the orc, Ijyb


Innate Abilities, Weirdness & Mutations

((You have a pair of small antennae on your head.))
((You are mostly covered in icy blue scales. (AC +3)))


Message History

You see here a glowing shortbow.
Found a stone staircase leading down.
There is a stone staircase leading down here.
You don't know any spells.
You don't know any spells.
Found a lumpy black potion.
Found a shadowy altar of Dithmenos.
c - a lumpy black potion
Found a sparkling altar of Nemelex Xobeh.
Ijyb the Twisted Goblin comes into view.
Ijyb shouts!
You hit Ijyb.
Ijyb is lightly wounded.
Ijyb zaps a wand.
The bolt of acid hits you! The acid corrodes you!
You are splashed with acid!
The acid burns!
* * * LOW HITPOINT WARNING * * *
It is a wand of acid (?/15).
It was a potion of lignification.
You turn into a tree.
Your +1 pair of gloves melds into your body.
Your +0 robe melds into your body.
Your roots penetrate the ground.
Ijyb zaps a wand.
Helpless, you fail to dodge the bolt of acid.
You die...

#.# #.# ##### #.# .#....
###.######## ......###
....... ..# ........# ..
#..#.# #.# ......_.######.# #
##..#.# #.# ...............#
#o##...).# #.#
....⌠..g.....###
##.#....#.###.#
.......♣........
+........#.##.#
#._..........##
##.#...!###...#
..........#.## #...<...#.####
............# #######..##
.####.......# #.## #.......#
#+# #.# ####...### #.# #.#
#.......# #.#### #.#
#.###.#.##########.##.# #.# #
#..........##....#.########.#


You could see Ijyb.

Vanquished Creatures
  A centaur skeleton (D:2)
  An orc wizard (D:3)
  An adder (D:2)
  A worm (D:2)
  3 orcs (D:3)
  5 giant cockroaches
  8 hobgoblins
  3 jackals (D:1)
  4 kobolds
  6 bats
  2 frilled lizards (D:1)
  6 goblins
  10 rats
51 creatures vanquished.

Notes
Turn   | Place    | Note
-------+----------+-------------------------------------------
     0 | D:1      | Heronymous the Demonspawn Monk began the quest for the Orb.
     0 | D:1      | Reached XP level 1. HP: 18/18 MP: 1/1
   517 | D:1      | Gained mutation: You have a pair of small antennae on your head. [demonic ancestry]
   517 | D:1      | Reached XP level 2. HP: 24/24 MP: 2/2
   738 | D:1      | Reached skill level 3 in Unarmed Combat
  1089 | D:2      | Gained mutation: You are partially covered in icy blue scales. (AC +2) [demonic ancestry]
  1089 | D:2      | Reached XP level 3. HP: 6/29 MP: 3/3
  1940 | D:2      | Gained mutation: You are mostly covered in icy blue scales. (AC +3) [demonic ancestry]
  1940 | D:2      | Reached XP level 4. HP: 35/35 MP: 4/4
  3002 | D:3      | Reached skill level 4 in Unarmed Combat
  3250 | D:3      | Noticed Sigmund
  3606 | D:4      | Noticed Blork the orc
  3665 | D:4      | Found a shadowy altar of Dithmenos.
  3668 | D:4      | Found a sparkling altar of Nemelex Xobeh.
  3674 | D:4      | Noticed Ijyb
  3679 | D:4      | Killed from afar by Ijyb

Vault maps used:
D:1:      dpeg_arrival_pits
D:3:      first_bread, uniq_sigmund
D:4:      nicolae_overflow_crystal_walls, grunt_temple_overflow_open,
          minmay_temple_entry_nine_rooms, serial_shops, shop, uniq_ijyb,
          uniq_grinder, uniq_blork_the_orc

Skill      XL: |  1  2  3  4 |
---------------+-------------+-----
Dodging        | 3 |  3.3
Unarmed Combat | 3 4 |  4.0
Stealth        | 2 |  2.4
Fighting       | |  3.4

Action                   |  1- 3 |  4- 6 || total
-------------------------+-------+-------++-------
Melee: Unarmed           |   177 |   114 ||   291
       Punch             |     2 |       ||     2
  Use: Scroll            |     4 |     3 ||     7
       Potion            |     2 |     3 ||     5
 Stab: Sleeping          |     4 |     2 ||     6
  Eat: Chunk             |     3 |     2 ||     5
       Bread ration      |       |     1 ||     1
Armor: Robe              |    33 |    20 ||    53
Dodge: Dodged            |   145 |    63 ||   208

Table legend:
 A = Spawn XP
 B = Non-spawn XP
 C = Spawn XP percentage of total XP
 D = Spawn monster count
 E = Non-spawn monster count
 F = Spawn count percentage of total count
 G = Total turns spent on level
                    A         B        C        D         E        F      G
               +---------+---------+-------+---------+---------+-------+---------
         Total |       0 |     181 |   0.0 |       0 |      51 |   0.0 |  3679
               +---------+---------+-------+---------+---------+-------+---------
           D:1 |       0 |      28 |   0.0 |       0 |      19 |   0.0 |  1033
           D:2 |       0 |      93 |   0.0 |       0 |      21 |   0.0 |  1327
           D:3 |       0 |      60 |   0.0 |       0 |      11 |   0.0 |  1246
               +---------+---------+-------+---------+---------+-------+---------
